Map: 汇龙岛 - 天梯版

Players

herO

  • Race: Protoss Protoss
  • Spawn Location: 5:00

Neeb - Winner!

  • Race: Protoss Protoss
  • Spawn Location: 11:00

Event: 2018 Hangzhou StarCraft Carnival

VOD

Have the link to the VOD?

Description

Time

  • Played on: May 1, 2018, 3:21 a.m.
  • Length: 7:41

All games in this series

Show
View Real Time Build Order
Export as new Build Order

herO Protoss 

Build Orders:  

Get SALT Encoding   

  12  0:00  Probe  
  13  0:13  Probe  
  14  0:16  Pylon  
  14  0:24  Probe  
  15  0:32  Probe  
  15  0:37  Gateway  
  15  0:40  Probe  
  16  0:46  Assimilator  
  17  0:50  Probe  
  17  0:55  Assimilator  
  18  0:58  Probe  
  19  1:07  Probe  
  19  1:08  Gateway  
  20  1:18  Probe  
  20  1:25  Cybernetics Core  
  21  1:30  Probe  
  22  1:35  Pylon  
  22  1:41  Warp Gate  
  22  1:42  Probe  
  23  1:54  Probe  
  23  2:01  Stalker, Sentry  
  28  2:13  Pylon  
  28  2:22  Shield Battery  
  28  2:30  Stalker  
  28  2:31  Stalker  
  28  2:34  Pylon  
  32  2:50  Gateway  
  32  2:51  Gateway  
  32  3:00  Stalker  
  32  3:02  Stalker  
  36  3:18  Pylon  
  36  3:25  Probe  
  37  3:36  Pylon  
  37  3:45  Stalker x3  
  37  3:46  Stalker  
  44  3:53  Pylon  
  44  4:16  Stalker x2  
  44  4:17  Stalker  
  36  4:33  Adept  
  38  4:39  Sentry x2  
  38  4:40  Zealot  
  38  4:45  Shield Battery  
  44  4:54  Zealot, Sentry  
  48  5:02  Sentry  
  48  5:03  Zealot  
  48  5:22  Sentry  
  48  5:23  Zealot x2  
  48  5:28  Zealot  
  54  5:33  Pylon  
  45  5:50  Zealot x2  
  45  5:54  Sentry  
  47  5:59  Sentry  
  49  6:14  Stalker x2  
  49  6:18  Zealot  
  55  6:25  Stalker  
  45  6:46  Stalker  
  45  6:47  Stalker  
  47  6:53  Stalker  
  41  7:14  Sentry  
  41  7:15  Zealot x2  
  41  7:16  Zealot  
Show
View Real Time Build Order
Export as new Build Order

Neeb Protoss - Winner!

Build Orders:  

Get SALT Encoding   

  12  0:00  Probe  
  13  0:12  Probe  
  14  0:17  Pylon  
  14  0:23  Probe  
  15  0:31  Probe  
  15  0:38  Gateway  
  15  0:40  Probe  
  16  0:47  Assimilator  
  17  0:50  Probe  
  17  0:56  Assimilator  
  18  0:59  Probe  
  19  1:08  Probe  
  19  1:09  Gateway  
  20  1:19  Probe  
  21  1:27  Cybernetics Core  
  21  1:31  Probe  
  22  1:37  Pylon  
  22  1:43  Probe  
  23  1:56  Probe  
  23  1:58  Warp Gate  
  24  2:04  Stalker, Sentry  
  24  2:08  Probe  
  29  2:14  Pylon  
  29  2:30  Stalker  
  29  2:33  Stalker  
  33  2:42  Probe  
  34  2:55  Probe  
  35  3:00  Nexus  
  35  3:06  Shield Battery  
  35  3:07  Probe  
  35  3:09  Sentry  
  38  3:15  Pylon  
  39  3:20  Probe  
  39  3:29  Robotics Facility  
  37  3:50  Shield Battery  
  37  3:53  Shield Battery  
  37  3:59  Probe  
  38  4:03  Stalker x2  
  40  4:11  Probe  
  40  4:12  Probe  
  42  4:23  Probe  
  42  4:24  Immortal  
  42  4:29  Stalker x2  
  46  4:38  Probe  
  46  4:42  Probe  
  48  4:51  Shield Battery, Immortal  
  48  4:53  Sentry x2  
  48  4:57  Shield Battery  
  52  5:03  Probe  
  52  5:04  Probe  
  56  5:15  Probe  
  56  5:19  Stalker  
  56  5:21  Warp Prism, Sentry  
  57  5:27  Probe  
  58  5:32  Probe  
  58  5:33  Pylon  
  62  5:48  Pylon x2, Immortal  
  51  5:58  Stalker  
  51  6:00  Stalker  
  54  6:07  Shield Battery  
  54  6:19  Immortal  
  54  6:21  Adept  
  56  6:25  Adept  
  56  6:28  Shield Battery  
  62  6:38  Probe x2  
  60  6:41  Adept  
  62  6:50  Probe  
  62  6:51  Stalker  
  61  6:56  Probe  
  62  7:05  Probe  
  61  7:13  Probe  
  64  7:15  Assimilator  
  64  7:17  Assimilator  
  64  7:18  Pylon  
  64  7:19  Stalker x2  
  66  7:27  Probe  
Tags
 
Add a new tag
Caveats
  • Supply blocks, unpowered buildings, or Contaminate may cause inaccurate times.
  • Supply counts are checked every 10 seconds.